 Dungeon Crawl Stone Soup version 0.29.1-2-gbd0b4ee654 (webtiles) character file.

Game seed: 12996218006210860544

205 zermelo the Chopper (level 5, -3/47 HPs)
             Began as a Minotaur Berserker on Nov 10, 2022.
             Was a Follower of Trog.
             Slain by Ijyb
             ... wielding a +0 club
              (5 damage)
             ... on level 3 of the Dungeon.
             The game lasted 00:02:50 (776 turns).

zermelo the Chopper (Minotaur Berserker)             Turns: 776, Time: 00:02:50

Health: -3/47      AC:  2    Str: 23    XL:     5   Next: 52%
Magic:  4/4        EV: 12    Int:  4    God:    Trog [*.....]
Gold:   26         SH:  0    Dex: 10    Spells: 4/4 levels left

rFire   . . .      SeeInvis .   a - +0 hand axe
rCold   . . .      Faith    .   (no shield)
rNeg    . . .      Spirit   .   b - +0 animal skin
rPois   .          Reflect  .   (helmet restricted)
rElec   .          Harm     .   (no cloak)
rCorr   .          Rampage  .   (no gloves)
Will    .....                   (no boots)
Stlth   +.........              (no amulet)
HPRegen 0.15/turn               (no ring)
MPRegen 0.09/turn               (no ring)

@: no status effects
A: horns 2, retaliatory headbutt
a: Renounce Religion, Berserk


You were on level 3 of the Dungeon.
You worshipped Trog.
Trog was aware of your devotion.
You visited 1 branch of the dungeon, and saw 3 of its levels.

You collected 26 gold pieces.

Inventory:

Hand Weapons
 a - a +0 hand axe (weapon)
 d - a +1 dagger of venom
Armour
 b - a +0 animal skin (worn)
Scrolls
 c - a scroll of silence {unknown}
 e - a scroll of butterflies {unknown}
 f - a scroll of identify {unknown}


   Skills:
 + Level 4.9 Fighting
 + Level 4.9 Axes
 + Level 4.0 Armour
 + Level 3.6 Dodging


You had 4 spell levels left.
You didn't know any spells.
Your spell library was empty.

Dungeon Overview and Level Annotations

Branches:
Dungeon (3/15)

Altars:

Annotations:
D:3 Ijyb


Innate Abilities, Weirdness & Mutations

You have a pair of horns on your head.
You reflexively headbutt those who attack you in melee.


Message History

Natasha claws you.
Ijyb screams, "Get away!"
Ijyb zaps a wand.
You shrug off the repeated paralysis!
The shadow imp hits you.
You can move again.
You closely miss Natasha.
Natasha is heavily wounded.
You hit the shadow imp. You hit Ijyb. Natasha claws you but does no damage.
Ijyb screams, "Me stronger than you!" Ijyb hits you with a +0 club.
* * * LOW HITPOINT WARNING * * *
The shadow imp hits you but does no damage.
You barely miss Natasha. Your headbutt misses Natasha.
Natasha is heavily wounded.
You closely miss Ijyb. You hit the shadow imp.
Natasha mumbles some strange words.
Ijyb barely misses you. The shadow imp hits you.
* * * LOW HITPOINT WARNING * * *
Natasha barely misses you.
You hit Natasha.
Natasha is almost dead.
You hit the shadow imp. You hit Ijyb but do no damage.
Ijyb hits you with a +0 club.
* * * LOW HITPOINT WARNING * * *
The shadow imp closely misses you. Natasha claws you.
* * * LOW HITPOINT WARNING * * *
The crimson imp blinks!
You barely miss Natasha. You headbutt Natasha.
You kill Natasha!
Trog accepts your kill.
Trog appreciates your killing of a magic user.
Natasha growls in agony!
The shadow imp disappears in a puff of smoke!
The crimson imp disappears in a puff of smoke!
You closely miss Ijyb.
Ijyb zaps a wand.
You resist with some effort.
Your Armour skill increases to level 4!
You barely miss Ijyb.
Ijyb is heavily wounded.
Ijyb hits you with a +0 club.
You die...

...#. +.....
#..#. #..#.#
#..#####... .
#..#.....#.#
#..##....#.#
#...###..#.#
##....§###..#
.......@g§..#
##..#####.###
#..#####)#
......÷<.#
#...###### .


You could see Ijyb.

Vanquished Creatures
  Sigmund (D:3)
  Natasha (D:3)
  An adder (D:3)
  A dart slug (D:1)
  2 endoplasms
  A goblin (D:1)
  3 hobgoblins
  A quokka (D:2)
  2 bats
  A rat (D:1)
14 creatures vanquished.

Notes
Turn   | Place    | Note
-------+----------+-------------------------------------------
     0 | D:1      | zermelo the Minotaur Berserker began the quest for the Orb.
     0 | D:1      | Reached XP level 1. HP: 19/19 MP: 0/0
   299 | D:1      | Reached XP level 2. HP: 27/27 MP: 1/1
   480 | D:3      | Noticed Sigmund
   492 | D:3      | Killed Sigmund
   493 | D:3      | Reached XP level 3. HP: 9/35 MP: 2/2
   493 | D:3      | Reached XP level 4. HP: 11/41 MP: 3/3
   493 | D:3      | Reached XP level 5. HP: 13/47 MP: 4/4
   760 | D:3      | Noticed Natasha
   762 | D:3      | Noticed Ijyb
   768 | D:3      | Paralysed by Ijyb for 4 turns
   774 | D:3      | HP: 2/47 [Natasha (3)]
   775 | D:3      | Killed Natasha
   776 | D:3      | Slain by Ijyb

Illustrated notes

Levels and vault maps discovered:
D:1:      dpeg_arrival_tiny_i, layout_basic, hangedman_decor_points
D:2:      layout_loops_ring, basic_altar, dreamdust_princess_bridge,
          minmay_tromino_i4
D:3:      layout_loops_ring, nicolae_ashenzari_skybound, corexii_shack,
          uniq_natasha, uniq_sigmund, uniq_ijyb

Skill      XL: |  1  2  3  4  5 |
---------------+----------------+-----
Fighting       | 4 |  4.9
Axes           | 4 |  4.9
Armour         | 3 4 |  4.0
Dodging        | 3 |  3.6

Action                   |  1- 3 |  4- 6 || total
-------------------------+-------+-------++-------
Melee: Hand axe          |    26 |    12 ||    38
       Punch             |     2 |       ||     2
       Headbutt          |     3 |     1 ||     4
Armor: Animal skin       |     5 |     2 ||     7
Dodge: Dodged            |    19 |     7 ||    26
